 Dungeon Crawl Stone Soup version 0.29.1-1-gd02db6906a (webtiles) character file.

Game seed: 2774343079721999169

10784 Slashgrin the Warrior (level 11, -7/112 HPs)
             Began as a Minotaur Berserker on Oct 3, 2022.
             Was a High Priest of Trog.
             Mangled by a manticore (14 damage)
             ... on level 11 of the Dungeon.
             The game lasted 00:50:12 (11595 turns).

Slashgrin the Warrior (Minotaur Berserker)         Turns: 11595, Time: 00:50:15

Health: -7/112     AC: 16    Str: 28    XL:     11   Next: 40%
Magic:  19/19      EV: 13    Int:  4    God:    Trog [*****.]
Gold:   505        SH:  0    Dex: 10    Spells: 10/10 levels left

rFire   . . .      SeeInvis .   t - +7 executioner's axe (vorpal)
rCold   . . .      Faith    .   (shield currently unavailable)
rNeg    . . .      Spirit   .   K - +0 acid dragon scales
rPois   +          Reflect  .   (helmet restricted)
rElec   .          Harm     .   b - +1 cloak
rCorr   +          Rampage  .   y - +2 pair of gloves
Will    ++...      Clarity  +   L - +0 pair of boots
Stlth   ++........              C - amulet of the acrobat
HPRegen 1.28/turn               l - ring of poison resistance
MPRegen 0.16/turn               M - ring "Rahet" {MP+9 Str+2 Stlth+}

@: strong-willed, on berserk cooldown, regenerating, slowed, studying Fighting,
very slow
A: horns 2, retaliatory headbutt, clarity, wild magic 1
a: Renounce Religion, Berserk, Trog's Hand, Brothers in Arms


You were on level 11 of the Dungeon.
You worshipped Trog.
Trog was extremely pleased with you.
You visited 1 branch of the dungeon, and saw 11 of its levels.
You also visited: Sewer.

You collected 505 gold pieces.

Inventory:

Hand Weapons
 a - a +2 hand axe of chaos
 t - a +7 vorpal executioner's axe (weapon)
 G - a +3 vorpal battleaxe
Missiles
 k - 5 datura-tipped darts (quivered)
 w - 16 poisoned darts
 x - a throwing net
 I - 3 javelins
Armour
 b - a +1 cloak (worn)
 y - a +2 pair of gloves (worn)
 K - +0 acid dragon scales (worn)
 L - a +0 pair of boots (worn)
Jewellery
 c - a ring of willpower
 h - a ring of resist corrosion
 l - a ring of poison resistance (left hand)
 C - an amulet of the acrobat (around neck)
 H - an amulet of faith
 M - the ring "Rahet" (right hand) {MP+9 Str+2 Stlth+}
   (You took it off a centaur on level 10 of the Dungeon)

   [ring of magical power]

   Str:       It affects your strength (+2).
   MP:        It affects your magic capacity (+9).
   Stlth:     It makes you more stealthy.
Wands
 j - a wand of quicksilver (10)
 u - a wand of polymorph (15)
 A - a wand of paralysis (22)
 D - a wand of flame (12)
 J - a wand of iceblast (3)
Scrolls
 g - 6 scrolls of teleportation
 i - 2 scrolls of poison
 B - 3 scrolls of magic mapping
 E - 4 scrolls of summoning
 F - a scroll of brand weapon
Potions
 d - 12 potions of curing
 e - a potion of resistance {unknown}
 f - 2 potions of berserk rage
 m - 4 potions of lignification
 n - 3 potions of haste
 o - 3 potions of heal wounds
 p - a potion of invisibility {unknown}
 q - a potion of experience {unknown}
 r - a potion of might {unknown}
 s - a potion of cancellation
 z - 2 potions of ambrosia


   Skills:
 + Level 15.3 Fighting
 * Level 14.7 Axes
 - Level 0.2(9.5) Maces & Flails
 - Level 10.0 Armour
 - Level 6.0 Dodging


You had 10 spell levels left.
You didn't know any spells.
Your spell library contained the following spells:

 Spells                   Type           Power      Damage    Failure   Level
 Call Canine Familiar     Summ           0%         N/A       93%         3
 Portal Projectile        Hex/Tloc       0%         N/A       93%         3
 Leda's Liquefaction      Hex/Erth       0%         N/A       100%        4


Dungeon Overview and Level Annotations

Branches:
Dungeon (11/15)            Temple (0/1) D:7           Sewer (visited)
   Lair: D:8-11         Orc: D:9-12

Altars:
Hepliaklqana
Nemelex Xobeh
Qazlal
Vehumet
Wu Jian
Xom
Yredelemnul

Shops:
D:5 :

Annotations:
D:1 2 runed translucent doors
D:11 1 transporter


Innate Abilities, Weirdness & Mutations

You have a pair of horns on your head.
You reflexively headbutt those who attack you in melee.
You possess an exceptional clarity of mind.
Your spells are a little harder to cast, but a little more powerful.


Message History

The wyvern bites you but does no damage.
The wyvern misses you. The orc warrior misses you.
The wyvern attacks as you move away! The wyvern completely misses you.
You furiously retaliate!
You headbutt the wyvern! The wyvern completely misses you.
You furiously retaliate!
You headbutt the wyvern, but do no damage.
The orc warrior barely misses you. The wyvern closely misses you.
You closely miss the wyvern.
You headbutt the wyvern, but do no damage.
You slash the orc warrior! You barely miss the wyvern.
The wyvern barely misses you. You furiously retaliate!
You headbutt the wyvern, but do no damage.
The wyvern closely misses you. You furiously retaliate!
You headbutt the wyvern, but do no damage.
The wyvern bites you but does no damage.
The orc warrior hits you with a +0 trident!
The wyvern bites you! The orc warrior closely misses you.
The wyvern barely misses you.
Your skin crawls.
You feel strong-willed.
The wyvern bites you but does no damage.
The white ugly thing tentacle-slaps you.
The white ugly thing freezes you!!
* * * LOW HITPOINT WARNING * * *
The orc warrior hits you with a +0 trident!
* * * LOW HITPOINT WARNING * * *
The wyvern misses you.
There are monsters nearby!
You feel much better. The wyvern barely misses you. You furiously retaliate!
You headbutt the wyvern.
You kill the wyvern!
Trog accepts your kill.
The white ugly thing tentacle-slaps you!
The white ugly thing freezes you!!
* * * LOW HITPOINT WARNING * * *
The orc warrior hits you with a +0 trident!
* * * LOW HITPOINT WARNING * * *
The white ugly thing closely misses you.
The manticore bites you!
You die...

#......... ###'##
##.####### .#
#..... #.# .#
#..... ##.#
###'##### #.....
#..# #.......#
#.....
#.#######..)....#
#.....
#....#...........
###...
#..#..[#H..#...#
####
##..###@u.(.#
##.# #o#l..# ..#
+T....'# #.#.
.#####...# #. .#.
.#... ## ##. . ..
#. . . .. .#


You could see a white ugly thing, a manticore, a troll, an orc warrior and a
wyvern.

Vanquished Creatures
  A hydra (D:11)
  3 two-headed ogres
  A cyclops (D:11)
  An unseen horror (D:8)
  Psyche (D:8)
  Prince Ribbit (D:9)
  2 shadows
  A wyvern (D:11)
  15 yaks
  2 wraiths (D:9)
  A steam dragon (D:8)
  2 vampire mosquitoes (D:11)
  A water moccasin (D:8)
  2 acid dragons
  A sky beast (D:8)
  2 orc warriors
  2 ice beasts (D:5)
  3 black bears
  An ogre (D:4)
  3 centaurs
  A phantom (D:4)
  3 scorpions
  7 bullfrogs
  13 wights
  2 vampire bats (D:6)
  2 howler monkeys
  5 hounds
  3 orc priests
  3 gnoll boudas
  3 jellies
  5 iguanas
  Ijyb (D:3)
  8 orc wizards
  Robin (D:2)
  13 adders
  14 gnolls
  8 river rats (Sewer)
  2 white imps
  An ufetubus (D:7)
  4 worms
  A dart slug (D:4)
  45 orcs
  25 ball pythons
  11 endoplasms
  4 giant cockroaches
  13 goblins
  8 hobgoblins
  7 jackals
  3 kobolds
  5 quokkas
  7 bats
  5 frilled lizards
  21 rats
300 creatures vanquished.

Vanquished Creatures (collateral kills)
  An orc wizard (D:3)
  An orc (D:3)
2 creatures vanquished.

Grand Total: 302 creatures vanquished

Notes
Turn   | Place    | Note
-------+----------+-------------------------------------------
     0 | D:1      | Slashgrin the Minotaur Berserker began the quest for the
                  | Orb.
     0 | D:1      | Reached XP level 1. HP: 19/19 MP: 0/0
   186 | D:1      | Reached XP level 2. HP: 17/27 MP: 1/1
   421 | D:1      | Found a large runed translucent door.
   421 | D:1      | Found a large runed translucent door.
   422 | D:1      | Noticed an ogre
   457 | D:1      | You fall into a shaft and drop 1 floor!
   518 | D:2      | Noticed Robin
   531 | D:2      | Reached skill level 4 in Fighting
   533 | D:2      | Reached XP level 3. HP: 22/33 MP: 2/2
   533 | D:2      | Killed Robin
   533 | D:2      | Reached ** piety under Trog
  1026 | D:2      | Reached XP level 4. HP: 33/40 MP: 3/3
  1712 | D:3      | Found a glowing drain.
  1721 | Sewer    | Entered a sewer
  1745 | Sewer    | Reached XP level 5. HP: 41/47 MP: 4/4
  2019 | Sewer    | Reached *** piety under Trog
  2135 | Sewer    | Reached skill level 5 in Fighting
  2206 | Sewer    | Reached XP level 6. HP: 47/56 MP: 5/5
  2418 | D:3      | Reached **** piety under Trog
  2484 | D:3      | Reached skill level 5 in Armour
  2500 | D:3      | Noticed Ijyb
  2508 | D:3      | Killed Ijyb
  2661 | D:3      | Reached XP level 7. HP: 62/62 MP: 6/6
  2662 | D:3      | Reached skill level 6 in Fighting
  2891 | D:3      | Reached skill level 5 in Dodging
  2900 | D:3      | Found a faded altar of an unknown god.
  3891 | D:4      | Found an ornate altar of the Wu Jian Council.
  4256 | D:5      | Entered Level 5 of the Dungeon
  4260 | D:5      | Identified 2 scrolls of acquirement
  4260 | D:5      | Acquired a manual of Fighting
  4262 | D:5      | Acquired a +3 vorpal executioner's axe
  4281 | D:5      | Reached skill level 5 in Axes
  4284 | D:5      | Reached skill level 7 in Fighting
  4322 | D:5      | Reached XP level 8. HP: 56/73 MP: 7/7
  4723 | D:5      | Found a stormy altar of Qazlal.
  4726 | D:5      | Found Xucwiv's Tremendous Tomes.
  4756 | D:5      | Reached skill level 8 in Fighting
  4864 | D:5      | Found a shimmering altar of Xom.
  5709 | D:6      | Reached skill level 9 in Fighting
  5782 | D:6      | Reached XP level 9. HP: 54/83 MP: 8/8
  6529 | D:7      | Reached skill level 10 in Fighting
  6789 | D:7      | Reached ***** piety under Trog
  7912 | D:7      | Found a staircase to the Ecumenical Temple.
  8180 | D:8      | Found a sparkling altar of Nemelex Xobeh.
  8234 | D:8      | Noticed Psyche
  8242 | D:8      | Killed an unseen horror
  8243 | D:8      | Reached skill level 11 in Fighting
  8243 | D:8      | Reached skill level 10 in Axes
  8253 | D:8      | Killed Psyche
  8479 | D:8      | Reached XP level 10. HP: 89/97 MP: 9/9
  8767 | D:8      | Received a gift from Trog
  9133 | D:9      | Reached skill level 12 in Fighting
  9503 | D:9      | Found a basalt altar of Yredelemnul.
  9557 | D:9      | Reached skill level 10 in Armour
  9559 | D:9      | Reached skill level 13 in Fighting
  9703 | D:9      | Noticed Prince Ribbit
  9714 | D:9      | Killed Prince Ribbit
 10175 | D:10     | Entered Level 10 of the Dungeon
 10175 | D:10     | Found a radiant altar of Vehumet.
 10327 | D:10     | Found a hazy altar of Hepliaklqana.
 10392 | D:10     | Noticed a two-headed ogre
 10399 | D:10     | Killed a two-headed ogre
 10440 | D:10     | Identified the ring "Rahet" {MP+9 Str+2 Stlth+}
 10637 | D:10     | Reached skill level 14 in Fighting
 10639 | D:10     | Gained mutation: You are frail. (-10% HP) [potion of
                  | mutation]
 10639 | D:10     | Gained mutation: Your flesh is cold resistant. (rC+)
                  | [potion of mutation]
 10639 | D:10     | Gained mutation: You are occasionally teleported next to
                  | monsters. [potion of mutation]
 10640 | D:10     | Lost mutation: Your flesh is cold resistant. (rC+) [potion
                  | of mutation]
 10640 | D:10     | Lost mutation: You are occasionally teleported next to
                  | monsters. [potion of mutation]
 10640 | D:10     | Gained mutation: You have sharp toenails. [potion of
                  | mutation]
 10640 | D:10     | Gained mutation: You are agile. (Dex +4, Str/Int -1)
                  | [potion of mutation]
 10641 | D:10     | Lost mutation: You have sharp toenails. [potion of
                  | mutation]
 10641 | D:10     | Lost mutation: You are agile. (Dex +4, Str/Int -1) [potion
                  | of mutation]
 10641 | D:10     | Gained mutation: Armour fits poorly on your strangely
                  | shaped body. [potion of mutation]
 10641 | D:10     | Gained mutation: Your muscles are strong. (Str +4, Int/Dex
                  | -1) [potion of mutation]
 10722 | D:10     | Noticed a two-headed ogre
 10729 | D:10     | Killed a two-headed ogre
 10730 | D:10     | Reached XP level 11. HP: 99/99 MP: 10/10
 10995 | D:10     | Lost mutation: Armour fits poorly on your strangely shaped
                  | body. [potion of mutation]
 10995 | D:10     | Lost mutation: Your muscles are strong. (Str +4, Int/Dex
                  | -1) [potion of mutation]
 10995 | D:10     | Lost mutation: You are frail. (-10% HP) [potion of
                  | mutation]
 10995 | D:10     | Gained mutation: You possess an exceptional clarity of
                  | mind. [potion of mutation]
 10995 | D:10     | Gained mutation: Your spells are a little harder to cast,
                  | but a little more powerful. [potion of mutation]
 11180 | D:11     | Noticed a five-headed hydra
 11194 | D:11     | Killed a nine-headed hydra
 11396 | D:11     | Found a transporter.
 11577 | D:11     | Noticed a two-headed ogre
 11582 | D:11     | Killed a two-headed ogre
 11583 | D:11     | Reached skill level 15 in Fighting
 11588 | D:11     | Noticed a white ugly thing
 11595 | D:11     | Mangled by a manticore

Illustrated notes

Levels and vault maps discovered:
D:1:      erik_arrival_cave_to_civilisation [erik_arrival_cave_to_temple],
          layout_basic
D:2:      layout_basic, uniq_robin
D:3:      layout_rooms, gup_sewer_entry_bubbles,
          nicolae_ecumenical_snake_handling, grunt_ministairs_9,
          minmay_misc_feat_diagonals, uniq_ijyb
D:4:      layout_gridville, pdpol_wu_jian_five_deadly_venoms,
          minmay_misc_feat_rows
D:5:      layout_cave_pools, mainiacjoe_overflow_large_starburst, moated_statue,
          nicolae_shop_i_like_big_books, kennysheep_generic_room_8
D:6:      layout_loops_ring, minmay_holes, roderic_batcave,
          minmay_misc_feat_pillars, minmay_increasing_density
D:7:      layout_cave_pods, minmay_temple_entry_glassed_door
D:8:      layout_loops_corners, nemelex_diamond_rough_becter, uniq_psyche
D:9:      layout_stronghold, mainiacjoe_overflow_six_doors_small,
          uniq_prince_ribbit1
D:10:     layout_irregular_city, mainiacjoe_overflow_paths,
          vehumet_altar_wand_db, hangedman_decor_opposing, due_unseen_surprise
D:11:     gammafunk_boulding_lane, layout_basic, grunt_lair_entry_orc_guard_hut,
          david_orc_4, minmay_fractal_squares_diagonal_5, uniq_lodul

Skill      XL: |  1  2  3  4  5  6  7  8  9 10 11 |
---------------+----------------------------------+-----
Axes           | 4 5 8 10 13 14 | 14.7
Fighting       | 4 5 7 9 11 14 15 | 15.3
Armour         | 3 4 5 6 7 9 10 | 10.0
Dodging        | 3 4 5 6 |  6.0
Maces & Flails | |  0.2

Action                   |  1- 3 |  4- 6 |  7- 9 | 10-12 || total
-------------------------+-------+-------+-------+-------++-------
Melee: Hand axe          |    59 |   174 |    90 |       ||   323
       Headbutt          |    10 |    22 |    33 |    19 ||    84
       Punch             |       |     3 |       |       ||     3
       Great mace        |       |     3 |       |       ||     3
       Executioner's axe |       |       |   175 |   113 ||   288
Throw: Dart              |       |       |     2 |       ||     2
Invok: Berserk           |     2 |     3 |       |     4 ||     9
       Trog's Hand       |       |     1 |     1 |     2 ||     4
  Use: Scroll            |       |     7 |    15 |     8 ||    30
       Potion            |       |     1 |     1 |     5 ||     7
Armor: Animal skin       |     5 |       |       |       ||     5
       Ring mail         |    16 |    60 |   122 |    29 ||   227
       Acid dragon scale |       |       |       |    24 ||    24
Dodge: Dodged            |    34 |   134 |   225 |    96 ||   489
